[Event "Team 45 45 League T37"]
[Site "Internet Chess Club"]
[Date "2008.05.09"]
[Round "3"]
[White "mickeys"]
[Black "rubo"]
[Result "1-0"]
[WhiteElo "1778"]
[BlackElo "1744"]
[Opening "King's Indian, 3.Nf3"]
[ECO "E60"]
[Time "21:02:47"]
[TimeControl "2700+45"]

1. d4 Nf6 2. Nf3 g6 3. c4 c5 4. Nc3 Bg7 5. e4 Qa5 6. Bd2 cxd4 7. Nxd4 d6 8. Be2
Nbd7 9. O-O O-O 10. Qc2 a6 11. Rfd1 Qd8 12. Rac1 Nc5 13. Be3 Bd7 14. b4 Ne6 15.
Nxe6 Bxe6 16. c5 Rc8 17. cxd6 exd6 18. Qd2 Ne8 19. Bf3 Qf6 20. Nd5 Qd8 21. Bb6
Qh4 22. g3 Bh6 23. Rxc8 Bxc8 24. Qc3 Qh3 25. Ne7# {Black checkmated} 1-0

[Event "Team 45 45 League T37"]
[Site "Internet Chess Club"]
[Date "2008.05.12"]
[Round "3"]
[White "tsia68"]
[Black "AntonioMendonca"]
[Result "1-0"]
[WhiteElo "1971"]
[BlackElo "1719"]
[Opening "English opening"]
[ECO "A10"]
[Time "17:27:35"]
[TimeControl "2700+45"]

1. c4 g6 2. g3 Bg7 3. Bg2 Nf6 4. Nc3 O-O 5. Nf3 d6 6. O-O e5 7. d3 Nc6 8. Rb1
Nh5 9. b4 f5 10. Nd5 Ne7 11. Bg5 Rf7 12. Nxe7+ Rxe7 13. Bxe7 Qxe7 14. Nd2 Nf6
15. a4 g5 16. a5 Rb8 17. b5 h5 18. e3 Qf7 19. Qe2 Kh7 20. Nf3 Bh6 21. h4 g4 22.
Nd2 Qe7 23. Rfe1 Bd7 24. d4 Re8 25. dxe5 Qxe5 26. Qd3 Ne4 27. Nxe4 fxe4 28. Qd4
Qxd4 29. exd4 e3 30. fxe3 Bxe3+ 31. Kh2 Bxd4 32. Rxe8 Bxe8 33. Bxb7 Bg6 34. Re1
Be5 35. Be4 Bc3 36. Bxg6+ Kxg6 37. Re6+ Kf7 38. Rh6 Bxa5 39. Rxh5 Bb6 40. Rg5 c6
41. Rxg4 cxb5 42. cxb5 d5 43. Kg2 Kf6 44. Kf3 Kf5 45. Rg5+ Ke6 46. Rg6+ Kf5 47.
Rxb6 axb6 48. Ke3 Ke5 49. h5 d4+ 50. Kd3 Kf5 51. Kxd4 Kg5 52. g4 {Black resigns}
1-0

[Event "Team 45 45 League T37"]
[Site "Internet Chess Club"]
[Date "2008.05.11"]
[Round "3"]
[White "MPknight"]
[Black "primerpaso"]
[Result "1/2-1/2"]
[WhiteElo "1757"]
[BlackElo "1867"]
[Opening "Queen's pawn: Yusupov-Rubinstein system"]
[ECO "A46"]
[Time "20:55:05"]
[TimeControl "2700+45"]

1. d4 Nf6 2. Nf3 e6 3. e3 b6 4. g3 Bb7 5. Bg2 d5 6. O-O Nbd7 7. b3 Be7 8. Bb2
O-O 9. Ba3 c5 10. c3 Ne4 11. Bb2 Qc7 12. Nbd2 f5 13. Rc1 Ba6 14. c4 Rfd8 15. Re1
Rac8 16. cxd5 exd5 17. dxc5 bxc5 18. Bf1 Bxf1 19. Rxf1 Qb8 20. Nxe4 dxe4 21.
Qd5+ Kh8 22. Qe6 Qd6 23. Qxd6 Bxd6 24. Ng5 Rf8 25. Rfd1 Rc6 26. Ne6 Rg8 27. Nd4
Ra6 28. Nxf5 Be5 29. Bxe5 Nxe5 30. Nd6 Rf8 31. Nxe4 Rxa2 32. Rxc5 Ng4 33. Rcd5
Nxf2 34. Nxf2 Raxf2 35. Rd8 Kg8 36. Rxf8+ Rxf8 37. b4 Rb8 38. Ra1 Rxb4 39. Rxa7
Rb1+ 40. Kg2 Rb2+ 41. Kh3 Re2 42. Re7 Kf8 43. Re4 Kf7 44. g4 Kf6 45. Kg3 Re1 46.
h4 g6 47. Kf2 Rh1 48. Kg3 Rg1+ 49. Kh2 Re1 50. g5+ Kf5 51. Rf4+ Ke5 52. Rf3 Ke4
53. Rg3 Re2+ 54. Kh3 Rxe3 55. Rxe3+ Kxe3 56. Kg4 Ke4 57. h5 Ke5 58. hxg6 hxg6
{Game drawn by mutual agreement} 1/2-1/2

[Event "Team 45 45 League T37"]
[Site "Internet Chess Club"]
[Date "2008.05.08"]
[Round "3"]
[White "tryanything"]
[Black "Mikey29a"]
[Result "1/2-1/2"]
[WhiteElo "1691"]
[BlackElo "1779"]
[Opening "English opening"]
[ECO "A16"]
[Time "18:54:35"]
[TimeControl "2700+45"]

1. c4 Nf6 2. Nc3 g6 3. g3 Bg7 4. Nf3 d6 5. Bg2 O-O 6. O-O e5 7. e4 Nc6 8. d3 Ne7
9. Be3 Ng4 10. Qc1 Nxe3 11. Qxe3 f5 12. exf5 gxf5 13. Nh4 Ng6 14. Nxg6 hxg6 15.
f4 c5 16. fxe5 Bxe5 17. Kh1 Be6 18. Rae1 Qf6 19. Nd5 Qg7 20. Qg5 Bf6 21. Nxf6+
Qxf6 22. Qxf6 Rxf6 23. Rxe6 Rxe6 24. Bd5 Kf7 25. Kg2 Re8 26. Re1 Kf6 27. Rxe6+
Rxe6 28. Bxe6 Kxe6 29. Kf3 Ke5 30. Ke3 a6 31. h3 a5 32. a4 b6 33. b3 d5 34. h4
d4+ 35. Kf3 Ke6 36. Kf4 Kf6 37. g4 fxg4 38. Kxg4 Kf7 39. Kg5 Kg7 {Game drawn by
mutual agreement} 1/2-1/2

[Event "Team 45 45 League T37"]
[Site "Internet Chess Club"]
[Date "2008.05.09"]
[Round "3"]
[White "chess9397"]
[Black "Zebbile"]
[Result "0-1"]
[WhiteElo "1763"]
[BlackElo "2005"]
[Opening "Caro-Kann: exchange variation"]
[ECO "B13"]
[Time "20:00:42"]
[TimeControl "2700+45"]

1. e4 c6 2. d4 d5 3. exd5 cxd5 4. Nc3 Bf5 5. Nf3 Nc6 6. Bb5 e6 7. Ne5 Qc7 8. Qe2
Bd6 9. Nxd5 Qc8 10. Nc3 Ne7 11. O-O O-O 12. Nf3 Nb4 13. Ne4 Bxe4 14. Qxe4 Qxc2
15. Qxc2 Nxc2 16. Rb1 Nb4 17. a3 Nbd5 18. Ne5 Rac8 19. Nc4 Bb8 20. Ne3 a6 21.
Ba4 Ba7 22. Rd1 Rfd8 23. b4 Nc3 24. Bb2 Nxa4 25. Ba1 Nc3 26. Bxc3 Rxc3 27. a4
Rxd4 28. Rxd4 Bxd4 29. Rd1 e5 30. h3 f6 31. Re1 Bxe3 32. Rxe3 Rxe3 33. fxe3 Nd5
34. b5 Nxe3 35. bxa6 bxa6 36. Kf2 Nd5 37. Ke2 Nc3+ {White resigns} 0-1

[Event "Team 45 45 League T37"]
[Site "Internet Chess Club"]
[Date "2008.05.11"]
[Round "3"]
[White "Fezzik"]
[Black "tourettes"]
[Result "1-0"]
[WhiteElo "2059"]
[BlackElo "1735"]
[Opening "Durkin's attack"]
[ECO "A00"]
[Time "15:01:24"]
[TimeControl "2700+45"]

1. Na3 Nf6 2. g3 e6 3. Bg2 d5 4. c3 Nc6 5. Nc2 Bd6 6. d4 Bd7 7. Nf3 O-O 8. b3 b5
9. O-O h6 10. Nd2 a5 11. e4 dxe4 12. Nxe4 Nxe4 13. Bxe4 Rb8 14. Bg2 Ne7 15. Ne3
Ng6 16. Qc2 Qe8 17. c4 bxc4 18. Nxc4 Bb5 19. Rd1 Bxc4 20. bxc4 c6 21. Qa4 Rb4
22. Qc2 Bc7 23. Ba3 Qd7 24. Bxb4 axb4 25. Qa4 Ne7 26. d5 exd5 27. cxd5 {Black
resigns} 1-0

[Event "Team 45 45 League T37"]
[Site "Internet Chess Club"]
[Date "2008.05.14"]
[Round "3"]
[White "powerchess1"]
[Black "gtm"]
[Result "0-1"]
[WhiteElo "1713"]
[BlackElo "1562"]
[Opening "Queen's pawn, Mason variation"]
[ECO "D00"]
[Time "18:02:10"]
[TimeControl "2700+45"]

1. d4 d5 2. Bf4 Nf6 3. Nd2 Bf5 4. Ngf3 e6 5. h3 Bd6 6. Bxd6 Qxd6 7. Nh4 O-O 8.
Nxf5 exf5 9. e3 Ne4 10. Bd3 Nd7 11. Qe2 Qb4 12. O-O-O Nc3 13. bxc3 Qa3+ 14. Kb1
Nb6 15. Bb5 a6 16. Nb3 axb5 17. Qxb5 Na4 18. Nc1 Nxc3+ 19. Ka1 Qxa2+ 20. Nxa2
Rxa2# {White checkmated} 0-1

[Event "Team 45 45 League T37"]
[Site "Internet Chess Club"]
[Date "2008.05.09"]
[Round "3"]
[White "nathesh"]
[Black "chess9793"]
[Result "0-1"]
[WhiteElo "1443"]
[BlackElo "1820"]
[Opening "Sicilian: Smith-Morra gambit"]
[ECO "B21"]
[Time "20:07:28"]
[TimeControl "2700+45"]

1. e4 c5 2. d4 cxd4 3. c3 dxc3 4. Nxc3 Nc6 5. Bc4 Nf6 6. Nf3 e6 7. e5 Ng4 8. Bf4
Bc5 9. O-O Qb6 10. Ne4 Qb4 11. Nxc5 Qxc4 12. Nd3 b6 13. h3 Nh6 14. Rc1 Qxa2 15.
Qd2 Nf5 16. Rfd1 O-O 17. Bg5 Qd5 18. Qf4 Ncd4 19. Nxd4 Qxd4 20. Qd2 Re8 21. Qe2
Ba6 22. Nc5 Bxe2 23. Rxd4 Nxd4 24. Nxd7 Bb5 25. Rd1 Bxd7 26. Rxd4 Bb5 27. Rg4
Kh8 28. Rf4 Kg8 29. Rg4 Kf8 30. h4 h6 31. Be3 Red8 32. Rf4 Rd5 33. Rg4 Rxe5 34.
Bd4 Re1+ 35. Kh2 f6 36. Bc3 Re2 37. Bb4+ Kf7 38. h5 Rxb2 39. Ba3 Rxf2 {White
resigns} 0-1

[Event "Team 45 45 League T37"]
[Site "Internet Chess Club"]
[Date "2008.05.11"]
[Round "3"]
[White "A-Ru"]
[Black "Silenita"]
[Result "1/2-1/2"]
[WhiteElo "1803"]
[BlackElo "1864"]
[Opening "Queen's pawn: Yusupov-Rubinstein system"]
[ECO "A46"]
[Time "14:59:36"]
[TimeControl "2700+45"]

1. d4 Nf6 2. Nf3 e6 3. e3 b6 4. Be2 Bb7 5. O-O Be7 6. c4 d5 7. Nc3 O-O 8. b3
Nbd7 9. Bb2 a6 10. Ne5 Nxe5 11. dxe5 Ne4 12. f4 Nxc3 13. Bxc3 Qd7 14. e4 Bc5+
15. Bd4 Bxd4+ 16. Qxd4 c5 17. Qf2 d4 18. f5 exf5 19. exf5 Rfe8 20. Qg3 Kh8 21.
Bd3 Qc7 22. Rae1 f6 23. e6 Qxg3 24. hxg3 Re7 25. g4 h6 26. Rf2 Bc6 27. Rb2 a5
28. a3 Kg8 29. b4 axb4 30. axb4 Ra3 31. Be2 Kf8 32. bxc5 bxc5 33. Rb6 Ba8 34.
Rb8+ Re8 35. Reb1 Ra7 36. R1b5 Rxb8 37. Rxb8+ Ke7 38. Rc8 Kd6 39. Rd8+ Ke7 40.
Rg8 Kd6 41. Kf1 Be4 42. Rd8+ Ke7 43. Rg8 Kd6 44. Rd8+ Ke7 {Game drawn by mutual
agreement} 1/2-1/2

[Event "Team 45 45 League T37"]
[Site "Internet Chess Club"]
[Date "2008.05.12"]
[Round "3"]
[White "andrew28"]
[Black "upsan"]
[Result "0-1"]
[WhiteElo "1768"]
[BlackElo "1922"]
[Opening "French: advance, Milner-Barry gambit"]
[ECO "C02"]
[Time "10:47:51"]
[TimeControl "2700+45"]

1. e4 e6 2. d4 d5 3. e5 c5 4. c3 Nc6 5. Nf3 Qb6 6. Bd3 cxd4 7. cxd4 Bd7 8. Nc3
Nxd4 9. Nxd4 Qxd4 10. O-O a6 11. Kh1 Ne7 12. f4 g6 13. Qe2 Qb6 14. Be3 Qd8 15.
Qf2 Bc6 16. Rad1 Bg7 17. f5 exf5 18. Bg5 O-O 19. Qh4 Re8 20. Rf3 Qc7 21. Bf6 h5
22. Bxf5 d4 23. Ne4 Nxf5 24. Rxf5 Bxe4 25. Rxh5 gxh5 26. Bxg7 Kxg7 27. Qxe4 Qxe5
{White resigns} 0-1

[Event "Team 45 45 League T37"]
[Site "Internet Chess Club"]
[Date "2008.05.10"]
[Round "3"]
[White "Kingofknights"]
[Black "ARMAND01968"]
[Result "1-0"]
[WhiteElo "1837"]
[BlackElo "1796"]
[Opening "Grünfeld: exchange variation"]
[ECO "D85"]
[Time "09:36:27"]
[TimeControl "2700+45"]

1. d4 Nf6 2. c4 g6 3. Nc3 d5 4. cxd5 Nxd5 5. e4 Nxc3 6. bxc3 Bg7 7. Be3 c5 8.
Qd2 Qa5 9. Rb1 b6 10. Bc4 Bb7 11. f3 Nc6 12. Ne2 O-O 13. O-O cxd4 14. cxd4 Qxd2
15. Bxd2 Nxd4 16. Nxd4 Bxd4+ 17. Kh1 Rac8 18. Bb3 Ba6 19. Rfc1 Bd3 20. Rxc8 Rxc8
21. Rc1 Rxc1+ 22. Bxc1 b5 23. g4 a5 24. a4 Bc4 25. Bxc4 bxc4 26. Kg2 e6 27. Kf1
Kf8 28. Ke2 Ke7 29. Bd2 c3 30. Be3 e5 31. Kd3 Kd6 32. Bh6 Kc5 33. Bf8+ Kc6 34.
Be7 Kd7 35. Bf8 Ke6 36. h3 f5 37. Ba3 fxe4+ 38. fxe4 h5 39. Bc1 hxg4 40. hxg4
Kf6 41. Bh6 g5 42. Bf8 Ke6 43. Bh6 Kf6 44. Bf8 Ke6 45. Ba3 Kf6 46. Bd6 Ke6 47.
Bc7 Kd7 48. Bxa5 c2 49. Kxc2 Kc6 50. Kd3 Bf2 51. Kc4 Be3 52. Bc3 Bf4 53. a5 Kb7
54. Kb5 Ka7 55. Bb4 Be3 56. Bc5+ Bxc5 57. Kxc5 Ka6 58. Kd5 Kxa5 59. Kxe5 Kb6 60.
Kd6 Kb7 61. Kd7 {Black resigns} 1-0

[Event "Team 45 45 League T37"]
[Site "Internet Chess Club"]
[Date "2008.05.11"]
[Round "3"]
[White "Shereshevsky"]
[Black "DaveTheRook"]
[Result "1/2-1/2"]
[WhiteElo "1486"]
[BlackElo "1678"]
[Opening "Queen's Indian: Petrosian system"]
[ECO "E12"]
[Time "18:05:54"]
[TimeControl "2700+45"]

1. d4 Nf6 2. c4 e6 3. Nf3 b6 4. a3 Bb7 5. Nc3 Be7 6. d5 exd5 7. cxd5 O-O 8. g3
Re8 9. Bg2 d6 10. O-O Bf8 11. Qc2 g6 12. Rd1 Nbd7 13. b3 Bg7 14. Bb2 a6 15. Rac1
Bh6 16. Rb1 Qe7 17. Bc1 Bg7 18. Bg5 h6 19. Be3 Rac8 20. Rbc1 Ng4 21. Bd4 Nge5
22. Nxe5 Nxe5 23. Bh3 Rcd8 24. f4 Nd7 25. Bxg7 Qe3+ 26. Kf1 Kxg7 27. Rd3 Qe7 28.
b4 f5 29. Bg2 Rc8 30. e3 Nf6 31. h3 h5 32. Qb2 Kf7 33. Re1 Qd7 34. Ne2 Qb5 35.
Qb3 h4 36. Nd4 Qd7 37. gxh4 Ne4 38. Bxe4 fxe4 39. Rd2 Qxh3+ 40. Ke2 Qg4+ 41. Kf1
Rh8 42. Rh2 Rxh4 43. Rxh4 Qxh4 44. Ke2 Qg4+ 45. Kd2 Rh8 46. Ne6 Rh2+ 47. Kc1 Qg2
48. Qc3 Bxd5 49. Nxc7 Be6 50. Nxe6 Kxe6 51. Qc8+ Ke7 52. Qc7+ Ke8 53. Qc8+ Kf7
54. Qd7+ Kg8 55. Qc8+ Kg7 56. Qc7+ Kh6 57. Qc3 Kh5 58. Rd1 Qa2 59. Rg1 Rg2 60.
Qh8+ Kg4 61. Qc8+ Kg3 62. Rxg2+ Kxg2 63. Qxa6 Kf2 64. Qxb6 Qxa3+ 65. Kd2 Qb2+
66. Kd1 Qb3+ 67. Kd2 Qd5+ 68. Kc3 Qd3+ 69. Kb2 Qd2+ 70. Kb3 Qd3+ 71. Kb2 Qe2+
72. Kb3 Qxe3+ 73. Qxe3+ Kxe3 74. b5 Kxf4 75. b6 e3 76. b7 e2 77. b8=Q e1=Q 78.
Qxd6+ Kf5 79. Qf8+ Kg5 80. Qd8+ Kh6 81. Qh8+ Kg5 82. Qd8+ Kf4 83. Qf6+ Ke3 {Game
drawn by mutual agreement} 1/2-1/2

[Event "Team 45 45 League T37"]
[Site "Internet Chess Club"]
[Date "2008.05.09"]
[Round "3"]
[White "charles-allen"]
[Black "Fegary"]
[Result "0-1"]
[WhiteElo "1823"]
[BlackElo "2025"]
[Opening "King's pawn opening"]
[ECO "B07"]
[Time "09:36:42"]
[TimeControl "2700+45"]

1. e4 d6 2. d4 g6 3. Nf3 Bg7 4. Bd3 Nf6 5. O-O O-O 6. c3 e5 7. Re1 Nbd7 8. Nbd2
h6 9. Nb3 Re8 10. Qc2 c5 11. Bd2 Qc7 12. dxc5 dxc5 13. c4 b6 14. Rad1 Bb7 15.
Nc1 Nb8 16. Ne2 Nc6 17. Nc3 Nb4 18. Nb5 Nxc2 19. Nxc7 Nxe1 20. Rxe1 Red8 21.
Nxa8 Rxd3 22. Nc7 Nxe4 23. Re2 Nxd2 24. Nxd2 e4 25. b3 f5 26. Nb5 a6 27. Na3 Bc3
28. Nab1 Bd4 29. Nf1 Rd1 30. Nd2 Ra1 31. a4 Kf7 32. g3 Bc3 33. h3 Bc6 34. Kh2
Bxd2 35. Nxd2 e3 {White resigns} 0-1

[Event "Team 45 45 League T37"]
[Site "Internet Chess Club"]
[Date "2008.05.09"]
[Round "3"]
[White "DeepStudy"]
[Black "Ocho-Cinco"]
[Result "1-0"]
[WhiteElo "2010"]
[BlackElo "1746"]
[Opening "Sicilian: dragon, classical, 8.O-O"]
[ECO "B73"]
[Time "17:16:45"]
[TimeControl "2700+45"]

1. e4 c5 2. Nc3 g6 3. Nf3 Bg7 4. d4 cxd4 5. Nxd4 Nc6 6. Be3 d6 7. Be2 Nf6 8. O-O
O-O 9. Rb1 a6 10. f4 Ng4 11. Bxg4 Bxg4 12. Nxc6 Bxd1 13. Nxd8 Bxc2 14. Rbc1 Bxe4
15. Nxe4 Rfxd8 16. Rc7 b5 17. f5 Bf8 18. f6 e6 19. Ng5 Bh6 20. Rxf7 Bxg5 21.
Rg7+ Kh8 22. Bxg5 d5 23. Rc1 Rdc8 24. Rxc8+ Rxc8 25. Bh6 d4 26. Re7 {Black
resigns} 1-0

[Event "Team 45 45 League T37"]
[Site "Internet Chess Club"]
[Date "2008.05.12"]
[Round "3"]
[White "jazzyrick"]
[Black "qs16"]
[Result "0-1"]
[WhiteElo "1565"]
[BlackElo "1795"]
[Opening "Sicilian: Najdorf, Byrne (English) attack"]
[ECO "B90"]
[Time "17:07:57"]
[TimeControl "2700+45"]

1. e4 c5 2. Nf3 d6 3. d4 cxd4 4. Nxd4 Nf6 5. Nc3 a6 6. Be3 e5 7. Nb3 Be6 8. Qd2
Nbd7 9. f3 Rc8 10. Nd5 Nxd5 11. exd5 Bf5 12. Bd3 Qf6 13. c3 Be7 14. Na5 Bxd3 15.
Qxd3 Qh4+ 16. Bf2 Nc5 17. Qc2 Qa4 18. Qxa4+ Nxa4 19. Rb1 Nc5 20. O-O Rc7 21. Be3
O-O 22. c4 Rfc8 23. b3 Bd8 24. b4 Rd7 25. Bxc5 dxc5 26. Rfc1 cxb4 27. Nb3 b6 28.
Rb2 Be7 29. Rbc2 Bc5+ 30. Kf1 a5 31. Ke2 f5 32. Nxc5 bxc5 33. Kd3 Kf7 34. Re2
Kf6 35. Rce1 Re8 36. h3 g5 37. g4 h6 38. Rf1 a4 39. Rb1 Rde7 40. Rbe1 e4+ 41.
fxe4 Rxe4 42. Rxe4 Rxe4 43. Rxe4 fxe4+ 44. Kxe4 b3 {White resigns} 0-1

[Event "Team 45 45 League T37"]
[Site "Internet Chess Club"]
[Date "2008.05.11"]
[Round "3"]
[White "oldsj"]
[Black "BraafPaard"]
[Result "1/2-1/2"]
[WhiteElo "1512"]
[BlackElo "1525"]
[Opening "Ruy Lopez: Berlin defense, 4.O-O, d6"]
[ECO "C66"]
[Time "09:03:28"]
[TimeControl "2700+45"]

1. e4 e5 2. Nf3 Nc6 3. Bb5 Nf6 4. O-O d6 5. d4 exd4 6. Nxd4 Bd7 7. Re1 Be7 8.
Nc3 a6 9. Ba4 b5 10. Bb3 Na5 11. Bg5 c5 12. Bd5 Rc8 13. Nf3 O-O 14. Qd2 b4 15.
Ne2 Nxd5 16. exd5 Re8 17. b3 Bxg5 18. Qxg5 Qxg5 19. Nxg5 Nb7 20. Ng3 Re5 21.
Rxe5 dxe5 22. N5e4 f5 23. Nd2 f4 24. Nge4 Bf5 25. f3 Rd8 26. c4 a5 27. Kf2 Bd7
28. a4 Kf7 29. Rd1 h6 30. Nf1 g5 31. h3 Kg6 32. Ke2 Bf5 33. Nh2 Bxe4 34. fxe4
Nd6 35. Kf3 h5 36. Re1 Kf6 37. Re2 Rg8 38. Re1 Ke7 39. Re2 Nf7 40. Rd2 Kd6 41.
Rd1 Nh6 42. Rf1 g4+ 43. hxg4 Nxg4 44. Nxg4 hxg4+ 45. Ke2 Rh8 46. Kf2 Rh2 47. Kg1
g3 48. Rf3 Rh6 49. Rf1 Ke7 50. Rf3 Kf6 51. Rf1 Kg5 52. Rf3 Kg4 53. Rf1 Rf6 54.
Rf3 {Game drawn by mutual agreement} 1/2-1/2

[Event "Team 45 45 League T37"]
[Site "Internet Chess Club"]
[Date "2008.05.11"]
[Round "3"]
[White "Gil-galad"]
[Black "pollock"]
[Result "0-1"]
[WhiteElo "2073"]
[BlackElo "2114"]
[Opening "Benoni defense"]
[ECO "A61"]
[Time "14:55:58"]
[TimeControl "2700+45"]

1. d4 Nf6 2. c4 e6 3. Nf3 c5 4. d5 exd5 5. cxd5 g6 6. Nc3 d6 7. h3 Bg7 8. e4 O-O
9. Bd3 b5 10. Bxb5 Nxe4 11. Nxe4 Qa5+ 12. Nfd2 Qxb5 13. Nxd6 Qd3 14. N2c4 Qxd1+
15. Kxd1 Ba6 16. Kc2 Nd7 17. Bg5 f6 18. Be3 Rad8 19. Rad1 f5 20. Bf4 Nb6 21.
Nxb6 axb6 22. Rhe1 g5 23. Bh2 f4 24. Ne4 Rf5 25. d6 Bd4 26. f3 Bb7 27. Bg1 Bxg1
28. Rxg1 Bxe4+ 29. fxe4 Re5 30. Rge1 Kf7 31. Re2 h5 32. d7 Ke7 33. Rdd2 {White
resigns} 0-1

[Event "Team 45 45 League T37"]
[Site "Internet Chess Club"]
[Date "2008.05.14"]
[Round "3"]
[White "Chessduke"]
[Black "The7thGuest"]
[Result "1/2-1/2"]
[WhiteElo "2109"]
[BlackElo "2017"]
[Opening "French: advance, Paulsen attack"]
[ECO "C02"]
[Time "12:14:12"]
[TimeControl "2700+45"]

1. e4 e6 2. d4 d5 3. e5 c5 4. c3 Nc6 5. Nf3 f6 6. Bb5 Bd7 7. O-O fxe5 8. Bxc6
bxc6 9. Nxe5 Nf6 10. Re1 Bd6 11. Bg5 O-O 12. Nd2 cxd4 13. cxd4 c5 14. Ndf3 Be8
15. Rc1 c4 16. b3 cxb3 17. Qxb3 Qb6 18. Rb1 Ne4 19. Be3 Qxb3 20. Rxb3 Ba4 21.
Rb7 Rfb8 22. Reb1 Rxb7 23. Rxb7 Rb8 24. Rxb8+ Bxb8 {Game drawn by mutual
agreement} 1/2-1/2

[Event "Team 45 45 League T37"]
[Site "Internet Chess Club"]
[Date "2008.05.11"]
[Round "3"]
[White "baumhauer"]
[Black "EtchenBABABA"]
[Result "1-0"]
[WhiteElo "2007"]
[BlackElo "1951"]
[Opening "King's Indian, 3.Nf3"]
[ECO "E60"]
[Time "04:00:41"]
[TimeControl "2700+45"]

1. Nf3 Nf6 2. d4 g6 3. c4 Bg7 4. g3 O-O 5. Bg2 d6 6. O-O Nbd7 7. Qc2 e5 8. Rd1
exd4 9. Nxd4 Re8 10. e4 Nc5 11. Nc3 a5 12. b3 Ne6 13. Ndb5 Nc5 14. Rb1 Bg4 15.
f3 Bd7 16. Be3 Qc8 17. Qd2 Ne6 18. Rbc1 Bc6 19. Qf2 b6 20. Bh3 Bd7 21. Bg2 Bc6
22. Bxb6 cxb6 23. Nxd6 Qa6 24. Nxe8 Rxe8 25. Rd6 Qb7 26. e5 Nd7 27. f4 Rc8 28.
Rcd1 Ndc5 29. Rxc6 Rxc6 30. Rd6 Rxd6 31. Bxb7 Nxb7 32. exd6 Bxc3 33. Qf3 Nxd6
34. Qxc3 {Black resigns} 1-0

[Event "Team 45 45 League T37"]
[Site "Internet Chess Club"]
[Date "2008.05.11"]
[Round "3"]
[White "vvsi"]
[Black "fileman"]
[Result "0-1"]
[WhiteElo "1764"]
[BlackElo "1922"]
[Opening "KP: Nimzovich defense"]
[ECO "B00"]
[Time "01:05:10"]
[TimeControl "2700+45"]

1. e4 Nc6 2. Bc4 d6 3. Nc3 Nf6 4. d3 h6 5. f4 Na5 6. Nf3 Nxc4 7. dxc4 Bg4 8. h3
Bxf3 9. Qxf3 e6 10. Be3 Be7 11. O-O O-O 12. Rad1 c6 13. Qg3 Kh7 14. Bc5 Qa5 15.
Ba3 b5 16. cxb5 cxb5 17. Bxd6 Bxd6 18. Rxd6 b4 19. e5 Ne8 20. Qd3+ Kg8 21. Ne4
Nxd6 22. Nxd6 Qxa2 23. Qb3 Qxb3 24. cxb3 a5 25. Ra1 Ra6 26. Kf2 f6 27. Ke3 fxe5
28. fxe5 Rfa8 29. Nb5 Rc6 30. Nd4 Rc5 31. Ke4 Kf7 32. Rf1+ Ke7 33. Rf2 Rac8 34.
Rd2 Rd8 35. Rf2 Rdd5 36. Nf3 Rc1 37. Re2 Rcc5 38. g4 g5 39. Rh2 a4 40. bxa4 b3
41. h4 Rc2 42. hxg5 Rxh2 43. Nxh2 Rd2 44. Nf3 Rxb2 45. gxh6 Kf7 46. Nd4 Rb1 47.
Nxb3 Rxb3 48. a5 Ra3 49. Kf4 Kg6 50. h7 Ra4+ {White resigns} 0-1

[Event "Team 45 45 League T37"]
[Site "Internet Chess Club"]
[Date "2008.05.09"]
[Round "3"]
[White "RedAttack"]
[Black "XelNaga"]
[Result "0-1"]
[WhiteElo "2030"]
[BlackElo "2269"]
[Opening "Réti opening"]
[ECO "A06"]
[Time "12:02:05"]
[TimeControl "2700+45"]

1. Nf3 d5 2. c3 c5 3. d4 Nc6 4. g3 e6 5. Bg2 Nf6 6. O-O Qb6 7. a4 cxd4 8. cxd4
Be7 9. e3 O-O 10. Nc3 Rd8 11. Rb1 Bd7 12. Bd2 Be8 13. Ne1 Rac8 14. Nd3 Nb4 15.
Ne5 Nd7 16. f4 Nf8 17. f5 f6 18. Ng4 exf5 19. Rxf5 Qe6 20. Rf1 Bg6 21. Ra1 Bd3
22. Bh3 Qc6 23. Rf2 Ne6 24. Nb5 Ng5 25. Bg2 Bc2 26. Qe2 Qe6 27. Bxb4 Bxb4 28.
Nxa7 Rc4 29. Nb5 h5 30. Nc3 hxg4 31. Qxc2 Qxe3 32. Kf1 Bxc3 33. bxc3 Rxc3 34.
Qd2 Qd3+ 35. Qxd3 Rxd3 36. Rb2 Rd7 37. Rxb7 Rxb7 38. Bxd5+ Rf7 39. a5 Rxd4 40.
Bxf7+ Kxf7 41. a6 Rd8 42. Ra4 f5 43. Kf2 Re8 44. Ra5 Nh3+ 45. Kf1 Kf6 46. a7 Ra8
47. Ke2 Ng5 48. Kd3 Nf3 49. Ra2 Ne5+ 50. Kc3 Ke6 51. Ra6+ Kd5 52. Ra5+ Ke4 53.
Ra4+ Kf3 54. Rf4+ Kg2 55. Rxf5 Nc6 56. Rg5 Rxa7 57. Rxg4 Kxh2 58. Rg6 Ne5 59.
Rg5 Nf3 60. Rg6 Rd7 61. g4 Kh3 62. Kb4 Ne5 63. Rg5 Nxg4 64. Kc5 Kh4 65. Rg6 Kh5
66. Rb6 g5 67. Kc6 Rd1 68. Kc5 Nh6 {White resigns} 0-1

[Event "Team 45 45 League T37"]
[Site "Internet Chess Club"]
[Date "2008.05.08"]
[Round "3"]
[White "cappelo-upgrate"]
[Black "cesaralexander"]
[Result "1-0"]
[WhiteElo "2160"]
[BlackElo "2015"]
[Opening "QGA: classical, Rubinstein variation"]
[ECO "D27"]
[Time "16:45:16"]
[TimeControl "2700+45"]

1. d4 d5 2. c4 dxc4 3. Nf3 Nf6 4. e3 e6 5. Bxc4 c5 6. O-O a6 7. a4 Nc6 8. Nc3
cxd4 9. exd4 Nb4 10. Bg5 Be7 11. Ne5 O-O 12. Rc1 b6 13. f4 Nfd5 14. Bxe7 Nxe7
15. Re1 Bb7 16. Nxf7 Rxf7 17. Bxe6 Bd5 18. Nxd5 Nexd5 19. Qh5 g6 20. Bxf7+ Kxf7
21. Qxh7+ Kf6 22. Re5 Qd6 23. g4 Qxe5 24. fxe5+ Kg5 25. h4+ Kxg4 26. Qxg6+ Kxh4
27. Kh2 {Black resigns} 1-0

[Event "Team 45 45 League T37"]
[Site "Internet Chess Club"]
[Date "2008.05.10"]
[Round "3"]
[White "ARMAND01968"]
[Black "JoshuaFranzj"]
[Result "0-1"]
[WhiteElo "1784"]
[BlackElo "1897"]
[Opening "Grünfeld with e3 & Bd3"]
[ECO "D94"]
[Time "15:38:11"]
[TimeControl "2700+45"]

1. d4 d5 2. Nf3 Nf6 3. e3 g6 4. c4 Bg7 5. Nc3 O-O 6. Bd3 c6 7. O-O dxc4 8. Bxc4
Bf5 9. Qb3 b5 10. Be2 a6 11. a4 Nbd7 12. axb5 cxb5 13. Bd2 Nb6 14. Rfc1 Ne4 15.
Nxe4 Bxe4 16. Ba5 Qd6 17. Rc3 Bd5 18. Qc2 Nc4 19. e4 Nxa5 20. Rxa5 Bb7 21. e5
Qb6 22. Ra1 Bxf3 23. Bxf3 Rad8 24. d5 Bxe5 25. Rc6 Qd4 26. Raxa6 Qxb2 27. Qd1
Rb8 28. Ra7 Bd6 29. g3 b4 30. Qd3 Rfc8 31. Qc4 Qb1+ 32. Kg2 Rd8 33. Be4 Qb2 34.
Ra2 Qe5 35. Re2 Qf6 36. Bc2 Ra8 37. Bb3 Ra3 38. Re3 Qf5 39. Rb6 Ra5 40. Rf3 Qb1
41. Rb7 Ra1 42. Kh3 Qh1 43. Re3 Rf1 44. Qe2 Qg1 45. Rf3 Re1 46. Qd3 Re5 47. g4
Rh5+ 48. gxh5 Qxh2+ 49. Kg4 Qxh5# {White checkmated} 0-1

[Event "Team 45 45 League T37"]
[Site "Internet Chess Club"]
[Date "2008.05.08"]
[Round "3"]
[White "frothyjowels"]
[Black "frank001"]
[Result "1-0"]
[WhiteElo "2220"]
[BlackElo "1790"]
[Opening "Alekhine's defense: Maróczy variation"]
[ECO "B02"]
[Time "22:00:36"]
[TimeControl "2700+45"]

1. e4 Nf6 2. d3 d5 3. Nd2 Nc6 4. Ngf3 e5 5. exd5 Nxd5 6. g3 Be7 7. Bg2 O-O 8.
O-O Bg4 9. h3 Be6 10. Re1 f6 11. c3 Qd7 12. Ne4 Nb6 13. h4 Rad8 14. Bf1 Kh8 15.
Be3 Nd5 16. Nc5 Bxc5 17. Bxc5 Rf7 18. Bg2 b6 19. Ba3 Bh3 20. Qe2 Bxg2 21. Kxg2
h6 22. Rad1 Qg4 23. Qe4 Nf4+ 24. Kg1 Ne7 25. Nh2 Nh3+ 26. Kg2 Nf4+ 27. Kh1 Qh3
28. gxf4 Nf5 29. Qf3 Qxh4 30. fxe5 fxe5 31. Qg2 Nd6 32. Qg3 Qh5 33. Bxd6 Rxd6
34. Qg4 {Black resigns} 1-0

[Event "Team 45 45 League T37"]
[Site "Internet Chess Club"]
[Date "2008.05.10"]
[Round "3"]
[White "Zornorph"]
[Black "FiendAngelical"]
[Result "0-1"]
[WhiteElo "2033"]
[BlackElo "1940"]
[Opening "English: three knights system"]
[ECO "A27"]
[Time "14:04:03"]
[TimeControl "2700+45"]

1. c4 e5 2. Nc3 Nc6 3. Nf3 f5 4. d4 e4 5. Ng5 Nf6 6. e3 Bb4 7. Bd2 O-O 8. d5 Ne5
9. Ncxe4 Bxd2+ 10. Nxd2 Qe7 11. Nh3 Nfg4 12. Nf4 Nxf2 13. Kxf2 Ng4+ 14. Kg3
Qxe3+ 15. Qf3 Qxd2 16. Qe2 Qd4 17. Rd1 Qf6 18. h3 g5 19. hxg4 gxf4+ 20. Kf2 d6
21. Qc2 Rf7 22. Bd3 fxg4 23. Bxh7+ Kg7 24. Rh5 Bd7 25. Rdh1 g3+ 26. Kf1 f3 27.
Be4 fxg2+ 28. Kxg2 Rd8 29. Rh7+ Kf8 30. Rxf7+ Kxf7 31. Rf1 Bh3+ 32. Kxh3 Qxf1+
33. Bg2 Rh8+ 34. Kxg3 Rg8+ 35. Kh4 Qf4+ {White resigns} 0-1